 Dungeon Crawl Stone Soup version 0.27-a0-379-g34d631faf5 (webtiles) character file.

Game seed: 8787699579975901285

6 Chiseanne the Skirmisher (level 1, 0/24 HPs)
             Began as a Demonspawn Wanderer on Feb 17, 2021.
             Slain by a leopard gecko (1 damage)
             ... on level 1 of the Dungeon.
             The game lasted 00:00:38 (172 turns).

Chiseanne the Skirmisher (Demonspawn Wanderer)       Turns: 172, Time: 00:00:39

Health: 0/24       AC: 20    Str: 10    XL:     1   Next: 75%
Magic:  1/1        EV:  2    Int: 15    God:
Gold:   18         SH:  0    Dex: 12    Spells: 0/0 levels left

rFire    . . .     SeeInvis .   a - +2 spear
rCold    . . .     Faith    .   (no shield)
rNeg     + + +     Spirit   .   (armour currently unavailable)
rPois    +         Reflect  .   (helmet currently unavailable)
rElec    .         Harm     .   (cloak currently unavailable)
rCorr    .         Rampage  .   (gloves currently unavailable)
Will     .....     NoTele   +   (boots currently unavailable)
Stlth    ++........             (no amulet)
HPRegen  0.08/turn              (no ring)
MPRegen  0.07/turn              (no ring)

@: brilliant, tree-form, attractive
A: no striking features
a: no special abilities


You were on level 1 of the Dungeon.
You were a tree.
You visited 1 branch of the dungeon, and saw 1 of its levels.

You collected 18 gold pieces.

Inventory:

Hand Weapons
 a - a +2 spear (weapon)
Missiles
 e - 74 stones (quivered)
Armour
 d - a +0 robe (melded)
Scrolls
 b - a scroll of teleportation
 h - a scroll of random uselessness {unknown}
Potions
 g - a potion of brilliance


   Skills:
 * Level 2.3 Fighting
 - Level 1.0 Long Blades
 - Level 1.7 Polearms
 * Level 1.3 Dodging
 - Level 1.7 Stealth
 - Level 2.0 Evocations


You couldn't memorise any spells.
You didn't know any spells.
Your spell library was empty.

Dungeon Overview and Level Annotations

Branches:
Dungeon (1/15)

Altars:


Message History

You are too injured to fight recklessly!
You are too injured to fight recklessly!
You are too injured to fight recklessly!
You are too injured to fight recklessly!
You are too injured to fight recklessly!
You are too injured to fight recklessly!
You are too injured to fight recklessly!
The goblin closely misses you.
A leopard gecko comes into view.
The leopard gecko barely misses you. The goblin hits you with a +0 club.
You see here a rat corpse.
The goblin shouts!
The leopard gecko hisses angrily.
The goblin hits you with a +0 club.
* * * LOW HITPOINT WARNING * * *
You see here a rat corpse.
You closely miss the goblin. The goblin hits you with a +0 club.
* * * LOW HITPOINT WARNING * * *
You hit the goblin.
The goblin is severely wounded.
The goblin hits you with a +0 club.
* * * LOW HITPOINT WARNING * * *
Really quaff the potion of lignification?
You turn into a tree.
Your +0 robe melds into your body.
Your roots penetrate the ground.
The goblin barely misses you.
You hit the goblin.
You kill the goblin!
The leopard gecko hisses menacingly.
You closely miss the leopard gecko.
The leopard gecko bites you but does no damage. x2
It was a potion of attraction.
You feel attractive to monsters.
The leopard gecko bites you but does no damage.
It was a potion of brilliance.
You feel clever all of a sudden. The leopard gecko bites you.
* * * LOW HITPOINT WARNING * * *
You closely miss the leopard gecko. The leopard gecko bites you.
You die...

#.. #.....#### #.#
#.........
#.###(.####...).....
.........†lKw......(
.####.w###..?......
######### ##K###.##......
#..#....## #lg##.# ......
#....##.## ##l##.# .....
###..##..# #♣##.# #####
##.##..### #.†#.#
#.......#####.#.#
#...#.#...###...# #######
##.#######.#.##..###.....#
##)## #...#...#........#.#
#<.# #).###..#..###.#.#.#
#### #.# ##....#...†.#.#
... ###..#.#.#.#.#


You could see a dart slug, 2 leopard geckos, a goblin and a kobold.

Vanquished Creatures
  A goblin (D:1)
  A hobgoblin (D:1)
  2 bats (D:1)
  3 rats (D:1)
7 creatures vanquished.

Notes
Turn   | Place    | Note
-------+----------+-------------------------------------------
     0 | D:1      | Chiseanne the Demonspawn Wanderer began the quest for the
                  | Orb.
     0 | D:1      | Chiseanne set off with the following items: a +2 spear, a
                  | scroll of teleportation, a potion of lignification, a +0
                  | robe, a +0 dagger
     0 | D:1      | Reached XP level 1. HP: 16/16 MP: 1/1
   171 | D:1      | HP: 1/24 [leopard gecko (1)]
   172 | D:1      | Slain by a leopard gecko

Illustrated notes

Levels and vault maps discovered:
D:1:      lemuel_arrival_tunnels, layout_basic

Action                   || total
-------------------------++-------
Melee: Spear             ||    19
  Use: Potion            ||     3
Armor: Skin              ||     3
       Robe              ||     2
Dodge: Dodged            ||    12

Table legend: (Time is in decaauts)
 A = Elapsed time spent in this place.
 B = Non-inter-level travel time spent in this place.
 C = Inter-level travel time spent in this place.
 D = Time resting spent in this place.
 E = Time spent auto-exploring this place.
 F = Levels seen in this place.
 G = Mean time per level.
                   A        B        C        D        E       F      G
               +--------+--------+--------+--------+--------+-----+--------+
         Total |    172 |    172 |      0 |      0 |    122 |   1 |  172.0 |
       Dungeon |    172 |    172 |      0 |      0 |    122 |   1 |  172.0 |
               +--------+--------+--------+--------+--------+-----+--------+

Top non-repeatable levels by time:
     D:1: 172 daAuts
